 Dungeon Crawl Stone Soup version 0.28.0 (webtiles) character file.

Game seed: 2071688347132673166

1015 browni3141 the Skirmisher (level 8, 0/71 HPs)
             Began as a Minotaur Berserker on Feb 17, 2022.
             Was a Believer of Trog.
             Slain by an orc wizard (1 damage)
             ... on level 5 of the Dungeon.
             The game lasted 00:01:51 (3735 turns).

browni3141 the Skirmisher (Minotaur Berserker)      Turns: 3735, Time: 00:01:51

Health: 0/71       AC: 11    Str: 24    XL:     8   Next: 1%
Magic:  7/7        EV:  8    Int:  4    God:    Trog [**....]
Gold:   132        SH:  5    Dex: 10    Spells: 7/7 levels left

rFire   . . .      SeeInvis .   a - +0 hand axe
rCold   . . .      Faith    .   p - +0 buckler
rNeg    . . .      Spirit   .   n - +0 chain mail
rPois   +          Reflect  .   q - +0 hat
rElec   .          Harm     .   o - scarf {repulsion}
rCorr   .          Rampage  .   s - +0 pair of gloves of Articulation {rPois}
Will    .....                   (no boots)
Stlth   ..........              (no amulet)
HPRegen 0.21/turn               (no ring)
MPRegen 0.10/turn               (no ring)

@: repel missiles
A: horns 2, retaliatory headbutt
a: Renounce Religion, Berserk, Trog's Hand


You were on level 5 of the Dungeon.
You worshipped Trog.
Trog was pleased with you.
You visited 1 branch of the dungeon, and saw 5 of its levels.

You collected 132 gold pieces.


Innate Abilities, Weirdness & Mutations

You have a pair of horns on your head.
You reflexively headbutt those who attack you in melee.


   Skills:
 + Level 6.7 Fighting
 + Level 6.7 Axes
 + Level 6.1 Armour
 - Level 2.1 Dodging
 * Level 5.0 Shields


You had 7 spell levels left.
You didn't know any spells.
Your spell library was empty.

Inventory:

Hand Weapons
 a - a +0 hand axe (weapon)
Armour
 b - a +0 animal skin
 n - a +0 chain mail (worn)
 o - a scarf of repulsion (worn)
 p - a +0 buckler (worn)
 q - a +0 hat (worn)
 s - the +0 pair of gloves of Articulation (worn) {rPois}
   (You found it on level 4 of the Dungeon)

   rPois:     It protects you from poison.
Scrolls
 c - 2 scrolls of teleportation {unknown}
 f - 4 scrolls of identify {unknown}
 k - a scroll of vulnerability {unknown}
 l - 3 scrolls of magic mapping {unknown}
 m - a scroll of acquirement {unknown}
 t - a scroll of immolation {unknown}
 u - a scroll of holy word {unknown}
Potions
 d - a potion of magic {unknown}
 e - a potion of ambrosia {unknown}
 g - a potion of haste {unknown}
 h - 2 potions of curing {unknown}
 i - a potion of brilliance {unknown}
 j - a potion of attraction {unknown}
 r - a potion of flight {unknown}

Dungeon Overview and Level Annotations

Branches:
Dungeon (5/15)
 Temple: D:4-7

Altars:

#########.###
#...@{ooo....
#.#######.#.#
#.#######
#.#.[...#
#.#.###.#
#.#.#.#.#
#.#..<#.#
#.#####.#
#.......#


You could see an orc priest and 2 orcs.


Message History

You closely miss something. Something hits you but does no damage.
The orc hits you but does no damage.
You miss something. Something hits you.
* * * LOW HITPOINT WARNING * * *
The orc hits you but does no damage.
You closely miss something. You headbutt something.
Your skin stops crawling.
You feel less strong-willed. Something hits you but does no damage.
The orc closely misses you.
You miss something. Something hits you but does no damage.
The orc barely misses you.
You closely miss something.
You hear some strange, mumbled words.
A magic dart appears from out of thin air!
The magic dart hits you but does no damage.
The orc hits you from afar with a +0 trident.
* * * LOW HITPOINT WARNING * * *
You closely miss something.
The orc priest mumbles some strange prayers to Beogh against you.
Beogh smites you!
* * * LOW HITPOINT WARNING * * *
Something hits you but does no damage.
The orc hits you from afar with a +0 trident.
* * * LOW HITPOINT WARNING * * *
You hit something.
You recover from your berserk rage.
The orc priest calls down the wrath of Beogh upon you.
Beogh smites you!
* * * LOW HITPOINT WARNING * * *
Something hits you.
You die...

Skill      XL: |  1  2  3  4  5  6  7 |
---------------+----------------------+-----
Fighting       | 4 5 6 |  6.7
Axes           | 4 5 6 |  6.7
Armour         | 3 4 5 6 |  6.1
Shields        | 3 5 |  5.0
Dodging        | |  2.1

Action                   |  1- 3 |  4- 6 |  7- 9 || total
-------------------------+-------+-------+-------++-------
Melee: Hand axe          |    81 |    51 |    76 ||   208
       Headbutt          |     9 |     5 |     9 ||    23
       Punch             |     1 |       |       ||     1
Invok: Berserk           |       |     4 |     2 ||     6
       Trog's Hand       |       |       |     1 ||     1
Armor: Animal skin       |    12 |       |       ||    12
       Chain mail        |     8 |    25 |    45 ||    78
Dodge: Dodged            |    57 |    21 |    22 ||   100
Block: Buckler           |       |     4 |    13 ||    17

Levels and vault maps discovered:
D:1:      eino_arrival_water_cross, layout_basic
D:2:      layout_rooms, ebering_ecumenical_altar_petrified, st_stairs_8,
          minmay_pentomino_s4
D:3:      layout_rooms, minmay_statues_item, kennysheep_generic_room_14
D:4:      layout_basic, uniq_duvessa, uniq_blork_the_orc, uniq_menkaure,
          uniq_sigmund
D:5:      layout_basic, enter_ossuary_1

Notes
Turn   | Place    | Note
-------+----------+-------------------------------------------
     0 | D:1      | browni3141 the Minotaur Berserker began the quest for the
                  | Orb.
     0 | D:1      | Reached XP level 1. HP: 19/19 MP: 0/0
   467 | D:1      | Reached XP level 2. HP: 21/27 MP: 1/1
   853 | D:2      | Found a faded altar of an unknown god.
   875 | D:2      | Reached skill level 4 in Fighting
   875 | D:2      | Reached skill level 4 in Axes
   941 | D:2      | Reached skill level 3 in Armour
  1149 | D:2      | Reached ** piety under Trog
  1232 | D:2      | Reached XP level 3. HP: 28/33 MP: 2/2
  1888 | D:3      | Reached XP level 4. HP: 34/41 MP: 3/3
  1962 | D:3      | Noticed an ice beast
  1974 | D:3      | Killed an ice beast
  1975 | D:3      | Reached skill level 5 in Fighting
  1975 | D:3      | Reached skill level 5 in Axes
  1975 | D:3      | Reached skill level 4 in Armour
  1975 | D:3      | Reached XP level 5. HP: 48/48 MP: 4/4
  2096 | D:3      | Noticed a phantom
  2111 | D:3      | Killed a phantom
  2161 | D:3      | Reached XP level 6. HP: 37/56 MP: 5/5
  2677 | D:4      | Noticed Duvessa
  2677 | D:4      | Noticed Dowan
  2677 | D:4      | Noticed Blork the orc
  2677 | D:4      | Noticed a water moccasin
  2684 | D:4      | Killed Blork the orc
  2685 | D:4      | Reached skill level 5 in Armour
  2685 | D:4      | Reached skill level 1 in Shields
  2685 | D:4      | Killed a water moccasin
  2686 | D:4      | Reached skill level 2 in Shields
  2688 | D:4      | Reached skill level 6 in Fighting
  2688 | D:4      | Reached skill level 6 in Axes
  2688 | D:4      | Killed Duvessa
  2689 | D:4      | Reached skill level 3 in Shields
  2689 | D:4      | Reached XP level 7. HP: 63/63 MP: 6/6
  2700 | D:4      | Killed Dowan
  3048 | D:4      | Identified the +0 pair of gloves of Articulation {rPois}
  3060 | D:4      | Reached skill level 4 in Shields
  3329 | D:4      | Noticed Menkaure
  3338 | D:4      | Killed Menkaure
  3664 | D:5      | Entered Level 5 of the Dungeon
  3701 | D:5      | Reached skill level 6 in Armour
  3722 | D:5      | Reached skill level 5 in Shields
  3722 | D:5      | Reached XP level 8. HP: 35/71 MP: 7/7
  3735 | D:5      | HP: 1/71 [orc priest/divine providence (12)]
  3735 | D:5      | Slain by an orc wizard

Vanquished Creatures
  Menkaure (D:4)
  A water moccasin (D:4)
  Duvessa (D:4)
  An ice beast (D:3)
  An ogre (D:5)
  A phantom (D:3)
  Blork the orc (D:4)
  A scorpion (D:4)
  Dowan (D:4)
  A jelly (D:4)
  2 iguanas (D:4)
  An orc wizard (D:5)
  4 gnolls (D:3)
  6 adders
  A worm (D:4)
  A dart slug (D:3)
  3 orcs (D:3)
  9 ball pythons
  7 endoplasms
  A giant cockroach (D:1)
  4 goblins
  6 hobgoblins
  2 jackals (D:4)
  2 quokkas
  6 bats
  4 kobolds
  4 rats
73 creatures vanquished.

Vanquished Creatures (others)
  2 plants (D:1)
2 creatures vanquished.

Grand Total: 75 creatures vanquished

Table legend: (Time is in decaauts)
 A = Elapsed time spent in this place.
 B = Non-inter-level travel time spent in this place.
 C = Inter-level travel time spent in this place.
 D = Time resting spent in this place.
 E = Time spent auto-exploring this place.
 F = Levels seen in this place.
 G = Mean time per level.
                   A        B        C        D        E       F      G
               +--------+--------+--------+--------+--------+-----+--------+
         Total |   3787 |   3634 |    153 |    490 |   2576 |   5 |  757.4 |
       Dungeon |   3787 |   3634 |    153 |    490 |   2576 |   5 |  757.4 |
               +--------+--------+--------+--------+--------+-----+--------+

Top non-repeatable levels by time:
     D:4: 1004 daAuts
     D:2: 925 daAuts
     D:3: 924 daAuts
     D:1: 855 daAuts
     D:5: 77 daAuts

Table legend:
 A = Non-vault XP
 B = Vault XP
 C = Vault XP percentage of total XP
 D = Non-vault monster count
 E = Vault monster count
 F = Vault count percentage of total count
                 A         B        C        D         E       F
            +---------+---------+-------+---------+---------+-------
      Total |     967 |     484 |  33.4 |      65 |       8 |  11.0
            +---------+---------+-------+---------+---------+-------
        D:1 |      19 |       0 |   0.0 |      12 |       0 |   0.0
        D:2 |      46 |       8 |  14.8 |      13 |       4 |  23.5
        D:3 |     354 |       0 |   0.0 |      23 |       0 |   0.0
        D:4 |     397 |     476 |  54.5 |      15 |       4 |  21.1
        D:5 |     151 |       0 |   0.0 |       2 |       0 |   0.0
            +---------+---------+-------+---------+---------+-------
